AoeStats
← DYN_Neblina960

Nomad

505665916Analyzed
4v4 RM · 22d ago on Sep 10, 2026· 49m 33s· 8 players
Game mode
Random Map
Map size
231×231
Population
200
Speed
Normal
Resources
Standard
Victory
Conquest
Starting age
Dark Age
Ending age
Imperial Age
RankedLock teamsTeams togetherTeam positionsShared explorationLock speedFull tech treeHidden civsTurbo modeCheats
Victory
Defeat
1518
+11
🇨🇳 Persians · China
1458
+14
🇨🇳 Vietnamese · China
1389
+17
1372
+17
🇪🇸 Spanish · Spain
1635
-23
🇪🇸 Slavs · Spain
1440
-16
🇪🇸 Lithuanians · Spain
1359
-13
🇪🇸 Aztecs · Spain
1191
-7
DYN_Leonroma
11:16 Loom
13:15 Feudal Age
19:17 Castle Age
17:16 Horse Collar
18:14 Double-Bit Axe
24:48 Bloodlines
26:12 Husbandry
27:49 Scale Barding Armor
29:28 Wheelbarrow
28:40 Town Watch
30:27 Bow Saw
30:49 Forging
32:37 Hand Cart
37:20 Imperial Age
36:02 Iron Casting
36:39 Heavy Plow
38:41 Chain Barding Armor
41:04 Chemistry
40:25 Ballistics
DYN_Neblina960
5:11 Loom
14:55 Feudal Age
21:32 Double-Bit Axe
21:31 Horse Collar
22:07 Arson
25:54 Castle Age
25:09 Scale Mail Armor
27:24 Eagle Warrior
28:06 Squires
29:11 Wheelbarrow
29:47 Chain Mail Armor
30:10 Gambesons
30:43 Forging
32:34 Gold Mining
32:57 Bow Saw
35:46 Iron Casting
42:06 Imperial Age
40:21 Town Watch
45:29 Pikeman
46:58 Elite Eagle Warrior
49:29 Plate Mail Armor
k0nK1_TG
5:25 Loom
12:54 Feudal Age
15:45 Fletching
25:31 Castle Age
31:12 Double-Bit Axe
32:22 Bow Saw
44:13 Wheelbarrow
43:23 Town Watch
49:47 Imperial Age
47:48 Horse Collar
DS_Maulet
5:02 Loom
13:31 Feudal Age
17:12 Castle Age
15:19 Double-Bit Axe
18:09 Bow Saw
17:42 Fishing Lines
23:59 Horse Collar
25:00 Sanctity
24:58 Padded Archer Armor
28:52 Leather Archer Armor
31:07 Wheelbarrow
31:15 Fletching
36:26 Imperial Age
38:43 Ring Archer Armor
39:03 Husbandry
39:45 Bloodlines
40:00 Fletching
42:19 Bodkin Arrow
45:03 Scale Barding Armor
44:47 Light Cavalry
46:14 Chain Barding Armor
46:09 Hussar
47:30 Plate Barding Armor
48:54 Forging
摆烂pia
4:59 Loom
13:49 Feudal Age
14:55 Double-Bit Axe
16:08 Wheelbarrow
20:08 Horse Collar
23:13 Castle Age
20:56 Horse Collar
24:26 Bow Saw
29:30 Hand Cart
29:08 Gold Mining
29:10 Stone Mining
29:35 Fishing Lines
33:12 Imperial Age
31:30 Scale Mail Armor
31:41 Forging
32:39 Stone Shaft Mining
32:46 Chain Mail Armor
32:52 Gillnets
33:52 Squires
36:03 Plate Mail Armor
37:15 Two-Man Saw
37:25 Elite Fire Lancer
39:37 Iron Casting
42:18 Scale Barding Armor
43:25 Fletching
43:50 Elite Skirmisher
44:29 Bodkin Arrow
45:24 Bracer
46:57 Paper Money
46:19 Imperial Skirmisher
49:23 Chemistry
48:44 Ballistics
chunfeng
13:59 Feudal Age
13:04 Loom
19:14 Castle Age
17:53 Bloodlines
17:37 Gold Mining
17:43 Horse Collar
20:30 Wheelbarrow
20:01 Scale Barding Armor
24:14 Husbandry
28:25 Fishing Lines
31:42 Double-Bit Axe
32:34 Chain Barding Armor
33:38 Bow Saw
35:07 Forging
45:05 Imperial Age
42:48 Elite Skirmisher
44:26 Fletching
44:45 Imperial Skirmisher
45:48 Thumb Ring
47:24 Bodkin Arrow
48:48 Padded Archer Armor
49:35 Conscription
49:56 Gold Shaft Mining
TEUTONEN(儒门学习版)
9:04 Loom
14:07 Feudal Age
22:54 Fletching
35:45 Double-Bit Axe
35:49 Horse Collar
42:51 Castle Age
46:04 Wheelbarrow
遥かに仰ぎ,麗しの
4:38 Loom
13:44 Feudal Age
17:25 Castle Age
15:34 Double-Bit Axe
17:28 Horse Collar
19:21 Medium Warships
20:22 Bow Saw
22:42 Fletching
28:52 Wheelbarrow
30:38 Scale Mail Armor
30:48 Forging
30:49 Squires
30:57 Gold Mining
31:22 Bodkin Arrow
32:08 Stone Mining
32:35 Town Watch
35:49 Imperial Age
34:12 Ballistics
34:14 Hand Cart
34:05 Elite Skirmisher
35:37 Chain Mail Armor
35:57 Iron Casting
36:08 Gold Shaft Mining
35:38 Heavy Plow
38:04 Chemistry
37:08 Bracer
38:08 Padded Archer Armor
38:40 Plate Mail Armor
38:53 Conscription
39:39 Elite Kamayuk
40:08 Imperial Skirmisher
42:34 Blast Furnace
43:06 Leather Archer Armor
42:52 Fabric Shields
44:54 Ring Archer Armor
45:56 Champi Runner
46:21 Arson
46:59 Town Patrol
47:01 Andean Sling
48:48 Hoardings
48:41 Masonry
48:41 Siege Engineers
Connection lost

Rejoining the realm…

Still unreachable

The connection could not be restored.

Session expired

The server has moved on; the page needs a fresh start.